AoeStats
← Beisser

Nomad

509941761Analyzed
2v2 RM · 3d ago on Sep 28, 2026· 33m 47s· 4 players
Game mode
Random Map
Map size
176×176
Population
200
Speed
Normal
Resources
Standard
Victory
Conquest
Starting age
Dark Age
Ending age
Imperial Age
RankedLock teamsTeams togetherTeam positionsShared explorationLock speedFull tech treeHidden civsTurbo modeCheats
Victory
Defeat
🇨🇭 Poles · Switzerland
1367
+21
🇨🇭 Chinese · Switzerland
1367
+21
1350
-15
🇩🇪 Saxons · Germany
1350
-15
[/\/\@LiBi] myplannoplan
4:07 Loom
12:20 Feudal Age
12:53 Double-Bit Axe
17:34 Fletching
21:12 Castle Age
23:08 Wheelbarrow
22:31 Bodkin Arrow
23:08 Medium Warships
23:29 Padded Archer Armor
23:40 Bow Saw
24:17 Crossbowman
30:21 Squires
31:55 Ballistics
32:25 Leather Archer Armor
[/\/\@LiBi] shredz
6:27 Loom
12:27 Feudal Age
13:05 Double-Bit Axe
17:07 Horse Collar
22:40 Stone Mining
25:24 Castle Age
24:25 Scale Barding Armor
26:21 Gold Mining
26:47 Bow Saw
26:39 Heavy Plow
27:59 Scale Mail Armor
29:15 Forging
29:21 Chain Mail Armor
32:20 Gold Shaft Mining
32:54 Iron Casting
<|>o.o<|>
3:06 Loom
13:56 Feudal Age
18:27 Castle Age
18:19 Fletching
19:32 Medium Warships
20:25 Gold Mining
20:23 Double-Bit Axe
22:51 Horse Collar
25:44 Bow Saw
25:45 Fishing Lines
26:47 Bodkin Arrow
27:11 Heavy Plow
28:25 Wheelbarrow
29:25 Gold Shaft Mining
28:54 Padded Archer Armor
29:18 Gillnets
33:04 Imperial Age
31:54 Leather Archer Armor
32:43 Hand Cart
33:14 Ballistics
33:11 Town Watch
33:46 Bracer
34:17 Ring Archer Armor
Beisser
9:14 Loom
13:13 Feudal Age
13:43 Double-Bit Axe
19:23 Castle Age
19:28 Gold Mining
20:28 Medium Warships
24:23 Fishing Lines
25:39 Bow Saw
25:44 Gillnets
27:48 Wheelbarrow
27:53 Stone Mining
30:08 Hand Cart
32:32 Bloodlines
Connection lost

Rejoining the realm…

Still unreachable

The connection could not be restored.

Session expired

The server has moved on; the page needs a fresh start.